 Dungeon Crawl Stone Soup version 0.28.0-49-g6dfe1f597d (webtiles) character file.

Game seed: 8862655678066200388

25 Arandomuser85 the Gusty (level 3, 0/19 HPs)
             Began as a Tengu Air Elementalist on May 13, 2022.
             Was a Believer of Jiyva.
             Succumbed to bnorton916's ghost's sting
             ... on level 3 of the Dungeon.
             The game lasted 00:07:04 (1439 turns).

Arandomuser85 the Gusty (Tengu Air Elementalist)    Turns: 1439, Time: 00:07:04

Health: 0/19       AC:  6    Str:  8    XL:     3   Next: 6%
Magic:  3/7        EV: 12    Int: 17    God:    Jiyva [**....]
Gold:   32         SH:  0    Dex: 14    Spells: 3/6 levels left

rFire   . . .      SeeInvis .   d - +0 dagger
rCold   . . .      Faith    .   (no shield)
rNeg    . . .      Spirit   .   a - +0 robe
rPois   .          Reflect  .   (helmet restricted)
rElec   .          Harm     .   (no cloak)
rCorr   +          Rampage  .   (no gloves)
Will    .....                   (boots unavailable)
Stlth   ++........              (no amulet)
HPRegen 1.02/turn               f - +4 ring of protection
MPRegen 0.40/turn               (no ring)

@: lethally poisoned (0 -> -8)
A: beak, talons 3
a: Renounce Religion


You were on level 3 of the Dungeon.
You worshipped Jiyva.
Jiyva was pleased with you.
You visited 1 branch of the dungeon, and saw 3 of its levels.

You collected 32 gold pieces.

Inventory:

Hand Weapons
 d - a +0 dagger (weapon)
Missiles
 e - 29 stones
Armour
 a - a +0 robe (worn)
 c - a +0 ring mail
Jewellery
 b - a ring of positive energy
 f - a +4 ring of protection (left hand)
Scrolls
 g - 2 scrolls of identify {unknown}


   Skills:
 + Level 0.2 Fighting
 + Level 2.3 Dodging
 + Level 2.1 Stealth
 + Level 2.3 Spellcasting
 + Level 1.8 Conjurations
 + Level 4.6 Air Magic


You had 3 spell levels left.
You knew the following spells:

 Your Spells              Type           Power      Damage    Failure   Level
a - Shock                 Conj/Air       52%        1d6       4%          1
b - Static Discharge      Conj/Air       13%        N/A       8%          2

Your spell library contained the following spells:

 Spells                   Type           Power      Damage    Failure   Level
 Swiftness                Air            17%        N/A       9%          3
 Airstrike                Air            8%         N/A       26%         4


Dungeon Overview and Level Annotations

Branches:
Dungeon (3/15)

Altars:
Jiyva

Annotations:
D:3 bnorton916's ghost, weakling DEVM


Innate Abilities, Weirdness & Mutations

You have a beak for a mouth.
You have claws for feet.


Message History

The orc is almost dead.
Aiming: Shock (safe; 5% risk of failure)
Press: ? - help, Q - select action, (/) - cycle Shift-Dir - straight line, f/p - orc
Aim: an orc, wielding a +0 hand axe (almost dead, 68% to hit)
The zap hits the orc.
You kill the orc!
As you open the door, it creaks loudly!
Bnorton916's ghost gestures at you while chanting.
The sting hits you.
You are poisoned.
Aiming: Shock (safe; 4% risk of failure)
Press: ? - help, Q - select action, (/) - cycle Shift-Dir - straight line, f - bnorton916's ghost
Aim: bnorton916's ghost, wielding a weapon of venom (60% to hit)
The zap hits bnorton916's ghost.
Bnorton916's ghost is lightly damaged.
You feel sick.
Bnorton916's ghost points at you and mumbles some strange words.
The sting hits you.
You are more poisoned.
You feel sick. Bnorton916's ghost hits you.
You are more poisoned.
There is an open translucent door here.
Casting: Static Discharge (safe; 8% risk of failure)
Press: ? - help, Q - select action, (/) - cycle Dir - look around, f - activate Bnorton916's ghost is struck by an arc of lightning!
Bnorton916's ghost is heavily damaged.
You are struck by an arc of lightning.
The lightning grounds out.
You feel very sick.
Bnorton916's ghost casts a spell at you.
The sting hits you.
You are lethally poisoned!
* * * LOW HITPOINT WARNING * * *
Casting: Static Discharge (safe; 8% risk of failure)
Press: ? - help, Q - select action, (/) - cycle Dir - look around, f - activate Bnorton916's ghost is struck by an arc of lightning!
Bnorton916's ghost is severely damaged.
You are struck by an arc of lightning.
* * * LOW HITPOINT WARNING * * *
The lightning grounds out.
You die...

......####...#########.#
#.................†...
#...........<†......#
#.....>>...>..........
#...####...#######.##.
..... #...###### ##
#.#### #........##... #
#...........#
#..).#@#....#
#...##W##...#
.....##...##...#
#...##.....##...
..#..#⌠.!♣?.⌠#...
##....##.....##...
##....##...##...#
.#...## ##...##


You could see bnorton916's ghost.

Vanquished Creatures
  A dart slug (D:1)
  An orc (D:3)
  A bat (D:2)
  2 endoplasms (D:1)
  2 goblins (D:1)
  3 hobgoblins
  2 jackals (D:3)
  A quokka (D:1)
  A ball python (D:1)
  3 kobolds
  4 rats (D:1)
21 creatures vanquished.

Vanquished Creatures (others)
  A jelly (D:2)
  An adder (D:2)
  2 goblins
  3 jackals (D:1)
  2 quokkas (D:2)
  A frilled lizard (D:2)
  A rat (D:1)
11 creatures vanquished.

Grand Total: 32 creatures vanquished

Notes
Turn   | Place    | Note
-------+----------+-------------------------------------------
     0 | D:1      | Arandomuser85 the Tengu Air Elementalist began the quest
                  | for the Orb.
     0 | D:1      | Reached XP level 1. HP: 10/10 MP: 4/4
   168 | D:1      | Found a faded altar of an unknown god.
   179 | D:1      | Prayed at the altar of an unknown god.
   179 | D:1      | Became a worshipper of Jiyva Jovemiw the Shapeless
   179 | D:1      | Reached * piety under Jiyva
   218 | D:1      | Reached XP level 2. HP: 15/15 MP: 1/6
   426 | D:1      | Reached ** piety under Jiyva
  1389 | D:3      | Reached XP level 3. HP: 19/19 MP: 0/7
  1392 | D:3      | Learned a level 2 spell: Static Discharge
  1400 | D:3      | Found a runed translucent door.
  1409 | D:3      | Noticed bnorton916's ghost (weakling DEVM)
  1439 | D:3      | Succumbed to bnorton916's ghost's sting

Illustrated notes

Levels and vault maps discovered:
D:1:      eino_arrival_cavern_c, layout_loops_corners,
          shapermc_ecumenical_altar_totnotflames
D:2:      layout_basic, uniq_crazy_yiuf_cottage
D:3:      layout_loops_cross, hellmonk_ghost_happy_afterlife

Action                   || total
-------------------------++-------
Melee: Unarmed           ||     9
       Kick              ||     5
       Peck              ||     3
       Dagger            ||     5
 Cast: Shock             ||    47
       Static Discharge  ||     2
Armor: Robe              ||     7
Dodge: Dodged            ||    20
